 Dungeon Crawl Stone Soup version 0.21.1-1-g345015f (webtiles) character file.

6 tidbits the Charmwright (level 1, 14/20 HPs)
             Began as a Gnoll Skald on June 27, 2018.
             Quit the game on level 1 of the Dungeon.
             The game lasted 00:00:44 (110 turns).

tidbits the Charmwright (Gnoll Skald)                Turns: 110, Time: 00:00:45

Health: 14/20      AC:  3    Str: 13    XL:     1   Next: 90%
Magic:  6/6        EV: 14    Int: 15    God:
Gold:   8          SH:  0    Dex: 14    Spells: 8/9 levels left

rFire    . . .     SeeInvis .   a - +0 hand axe
rCold    . . .     Gourm    .   (no shield)
rNeg     . . .     Faith    .   b - +0 leather armour
rPois    .         Spirit   .   (no helmet)
rElec    .         Reflect  .   (no cloak)
rCorr    .         Harm     .   (no gloves)
MR       .....                  (no boots)
Stlth    +.........             (no amulet)
HPRegen  0.06/turn              (no ring)
MPRegen  0.10/turn              (no ring)

@: no status effects
A: distributed training, fangs 1, strong nose
a: no special abilities


You were on level 1 of the Dungeon.
You were not hungry.

You visited 1 branch of the dungeon, and saw 1 of its levels.

You collected 8 gold pieces.

Inventory:

Hand Weapons
 a - a +0 hand axe (weapon)
Armour
 b - a +0 leather armour (worn)
Scrolls
 f - a scroll of blinking {unknown}
 g - a scroll of identify {unknown}
Potions
 e - a potion of lignification {unknown}
 h - a potion of degeneration {unknown}
Books
 c - a book of Battle

   Spells                             Type                      Level
   a - Infusion                       Charms                       1
   b - Shroud of Golubria             Charms/Translocation         2
   c - Song of Slaying                Charms                       2
   d - Spectral Weapon                Hexes/Charms                 3
   e - Regeneration                   Charms/Necromancy            3
Comestibles
 d - a ration


   Skills:
 + Level 4.4 Fighting
 + Level 0.1 Short Blades
 + Level 0.1 Long Blades
 + Level 4.4 Axes
 + Level 0.1 Maces & Flails
 + Level 0.1 Polearms
 + Level 0.1 Staves
 + Level 0.1 Slings
 + Level 0.1 Bows
 + Level 0.1 Crossbows
 + Level 0.1 Throwing
 + Level 2.4 Armour
 + Level 4.4 Dodging
 + Level 0.1 Stealth
 + Level 0.1 Shields
 + Level 0.1 Unarmed Combat
 + Level 4.9 Spellcasting
 + Level 0.1 Conjurations
 + Level 0.1 Hexes
 + Level 5.3 Charms
 + Level 0.1 Summonings
 + Level 0.1 Necromancy
 + Level 0.1 Translocations
 + Level 0.1 Transmutations
 + Level 0.1 Fire Magic
 + Level 0.1 Ice Magic
 + Level 0.1 Air Magic
 + Level 0.1 Earth Magic
 + Level 0.1 Poison Magic
 + Level 0.2 Invocations
 + Level 0.1 Evocations


You had 8 spell levels left.
You knew the following spells:

 Your Spells              Type           Power        Failure   Level  Hunger
i - Infusion              Chrm           ###.         2%          1    None


Dungeon Overview and Level Annotations

Branches:
Dungeon (1/15)

Altars:


Innate Abilities, Weirdness & Mutations

Your experience applies equally to all skills.
You have very sharp teeth.
Your uncanny sense of smell can sniff out nearby items.


Message History

Welcome, tidbits the Gnoll Skald.
Will you be the one to retrieve the fabulous Orb of Zot from the depths?
Press ? for a list of commands and other information.
Found 8 gold pieces.
Found a staircase leading out of the dungeon.
You open the door.
You see here 8 gold pieces.
You now have 8 gold pieces.
Found 18 gold pieces.
You enter the shallow water.
Moving in this stuff is going to be slow.
A hobgoblin comes into view. It is wielding a club.
The hobgoblin shouts!
Found a whip.
A giant cockroach comes into view.
Casting: Infusion
Confirm with . or Enter, or press ? or * to list all spells.
You begin infusing your attacks with magical energy.
You hit the hobgoblin!
You kill the hobgoblin!
A frilled lizard comes into view.
You see here a club.
You closely miss the giant cockroach.
The frilled lizard hisses angrily.
You bite the giant cockroach, but do no damage.
The giant cockroach closely misses you.
You hit the giant cockroach.
The giant cockroach is severely wounded.
The giant cockroach completely misses you.
You hit the giant cockroach.
You kill the giant cockroach!
You see here a giant cockroach corpse.
You hit the frilled lizard.
You kill the frilled lizard!
You enter the shallow water.
Moving in this stuff is going to be slow.
A hobgoblin comes into view. It is wielding a club.
The hobgoblin shouts!
A rat comes into view.
You enter the shallow water.
Moving in this stuff is going to be slow.
Found 23 stones.
Found a stone staircase leading down.
Unknown command.
The hobgoblin hits you with a club.
You completely miss the hobgoblin. You hit the rat.
You kill the rat!
The hobgoblin hits you with a club.
You hit the hobgoblin.
You kill the hobgoblin!
Things that are here:
a club; a sapphire potion
e - a sapphire potion You enter the shallow water.
Moving in this stuff is going to be slow.
Your magical infusion is running out.
Found a scroll labeled VAELAL LERRAGE.
Found a scroll labeled FEGANY VILOWK.
Found 17 stones.
You are no longer magically infusing your attacks.
You see here a scroll labeled VAELAL LERRAGE.
f - a scroll labeled VAELAL LERRAGE You see here a scroll labeled FEGANY VILOWK.
g - a scroll labeled FEGANY VILOWK You open the door.
A kobold comes into view. It is wielding a whip.
The kobold shouts!
Casting: Infusion
Confirm with . or Enter, or press ? or * to list all spells.
You begin infusing your attacks with magical energy.
The kobold throws a stone.
The stone barely misses you.
Unknown command.
The kobold hits you with a whip.
There is an open door, spattered with blood here.
You hit the kobold!
You kill the kobold!
Found a dark potion.
You see here a dark potion.
h - a dark potion Your magical infusion is running out.
You are no longer magically infusing your attacks.
Magic restored.
Are you sure you want to abandon this character and quit the game? (Confirm with "yes".)

.######...####
#...#...
#...#...
#(..')..
#######
#.(.#...
..#.#.#
#...#...
#.#.#.#
#...#...
#.#.#.#
#...#...
#.###.#.#@#
#####...
#.........#
#......
#####.###.#
#.#####
#.......# #.#
#.#.##### #.#
#.#.# #.#
#.#.# #.#
#.#.# #.#
#.#.# #.#


There were no monsters in sight!

Vanquished Creatures
  A giant cockroach (D:1)
  2 hobgoblins (D:1)
  A frilled lizard (D:1)
  A kobold (D:1)
  A rat (D:1)
6 creatures vanquished.

Notes
Turn   | Place    | Note
-------+----------+-------------------------------------------
     0 | D:1      | tidbits the Gnoll Skald began the quest for the Orb.
     0 | D:1      | Reached XP level 1. HP: 20/20 MP: 6/6
   110 | D:1      | Quit the game

Action                   || total
-------------------------++-------
Melee: Hand axe          ||     8
       Bite              ||     1
 Cast: Infusion          ||     2
Dodge: Dodged            ||     3

Table legend:
 A = Turns spent in this place as a percentage of turns spent in the entire game.
 B = Non-inter-level travel turns spent in this place as a percentage of non-inter-level travel turns spent in the entire game.
 C = Inter-level travel turns spent in this place as a percentage of turns spent in this place.
 D = Turns resting spent in this place as a percentage of non-inter-level travel turns spent in this place.
 E = Turns spent auto-exploring this place as a percentage of non-inter-level travel turns spent in this place.
 F = Non-inter-level travel turns spent in this place divided by the number of levels of this place that you've seen.
                   A       B       C       D       E      F
               +-------+-------+-------+-------+-------+----------------------
         Total | 100.0 | 100.0 |   0.0 |   0.0 |   0.0 | 110.0
       Dungeon | 100.0 | 100.0 |   0.0 |   0.0 |   0.0 | 110.0
               +-------+-------+-------+-------+-------+----------------------

Table legend:
 A = Kills in this place as a percentage of kills in entire the game.
 B = Kills by you in this place as a percentage of kills by you in the entire game.
 C = Kills by friends in this place as a percentage of kills by friends in the entire game.
 D = Other kills in this place as a percentage of other kills in the entire game.
 E = Experience gained in this place as a percentage of experience gained in the entire game.
 F = Experience gained in this place divided by the number of levels of this place that you have seen.
                   A       B       C       D       E      F
               +-------+-------+-------+-------+-------+----------------------
         Total | 100.0 | 100.0 |   N/A |   N/A | 100.0 |   9.0
       Dungeon | 100.0 | 100.0 |   N/A |   N/A | 100.0 |   9.0
               +-------+-------+-------+-------+-------+----------------------

Vault maps used:
D:1:      dpeg_arrival_tiny_a, chequers_big_river, kennysheep_decorative_pillar
